 Dungeon Crawl Stone Soup version 0.27-b1-41-gafb5482f4b (webtiles) character file.

Game seed: 1270946227720118154

4984 hawla the Slicer (level 10, 0/85 (91) HPs)
             Began as a Deep Elf Delver on July 28, 2021.
             Was a Believer of Vehumet.
             Slain by a steam dragon (2 damage)
             ... on level 8 of the Dungeon on July 29, 2021.
             The game lasted 00:34:32 (11501 turns).

hawla the Slicer (Deep Elf Delver)                 Turns: 11501, Time: 00:34:33

HP:   0/85 (91)     AC: 25    Str:  9    XL:     10   Next: 29%
MP:   16/31         EV:  2    Int: 19    God:    Vehumet [**....]
Gold: 1094          SH:  0    Dex: 16    Spells: 15/23 levels left

rFire    . . .     SeeInvis .   b - +1 dagger (distort)
rCold    . . .     Faith    .   (no shield)
rNeg     + + +     Spirit   .   (armour currently unavailable)
rPois    +         Reflect  .   (helmet currently unavailable)
rElec    .         Harm     .   (cloak currently unavailable)
rCorr    .         Rampage  .   (gloves currently unavailable)
Will     +....     NoTele   +   (boots currently unavailable)
Stlth    ++++......             (no amulet)
HPRegen  0.24/turn              h - +4 ring of evasion
MPRegen  0.22/turn              j - ring of magical power

@: brilliant, tree-form, very slightly contaminated, drained
A: stationary, stasis, torment immunity, boosted hp
a: Renounce Religion


You were on level 8 of the Dungeon.
You worshipped Vehumet.
Vehumet was pleased with you.
You were a tree.
You visited 2 branches of the dungeon, and saw 9 of its levels.

You collected 1208 gold pieces.
You spent 114 gold pieces at shops.

Inventory:

Hand Weapons
 a - a +0 short sword
 b - a +1 dagger of distortion (weapon)
 y - a +4 quick blade
Missiles
 p - 2 boomerangs
 s - 48 poisoned darts (quivered)
Armour
 d - a +1 cloak of poison resistance (melded)
 m - a +0 robe of willpower (melded)
 u - a +0 pair of boots (melded)
Jewellery
 h - a +4 ring of evasion (left branch)
 j - a ring of magical power (right branch)
 k - a ring of flight
 t - a ring of resist corrosion
 w - a ring of protection from fire
 E - a +6 ring of strength
Wands
 e - a wand of iceblast (14)
 g - a wand of digging (3)
 q - a wand of flame (31)
 r - a wand of paralysis (8)
 x - a wand of mindburst (12)
Scrolls
 n - a scroll of magic mapping
Potions
 f - a potion of berserk rage {unknown}
 i - 3 potions of flight
 l - 3 potions of degeneration
 o - a potion of magic
 z - a potion of invisibility {unknown}
 A - a potion of heal wounds {unknown}
 D - a potion of ambrosia {unknown}


   Skills:
 + Level 6.3 Fighting
 + Level 8.0 Short Blades
 + Level 2.3 Throwing
 - Level 0.2 Armour
 - Level 5.0 Dodging
 - Level 7.0 Stealth
 + Level 7.1 Spellcasting
 * Level 4.7 Conjurations
 * Level 3.2 Fire Magic
 * Level 5.5 Earth Magic
 + Level 2.1 Evocations


You had 15 spell levels left.
You knew the following spells:

 Your Spells              Type           Power      Damage    Failure   Level
a - Stone Arrow           Conj/Erth      78%        3d11      3%          3
b - Bolt of Magma         Conj/Fire/Erth 17%        4d9       41%         5

Your spell library contained the following spells:

 Spells                   Type           Power      Damage    Failure   Level
 Shock                    Conj/Air       92%        1d8       3%          1
 Magic Dart               Conj           100%       1d8       1%          1
 Call Imp                 Summ           10%        N/A       16%         2
 Mephitic Cloud           Conj/Pois/Air  19%        N/A       16%         3
 Shatter                  Erth           20%        3d18*     100%        9


Dungeon Overview and Level Annotations

Branches:
Dungeon (8/15)             Temple (1/1) D:6
   Lair: D:8-11

Altars:
Ashenzari
Cheibriados
Dithmenos
Elyvilon
Fedhas
Gozag
Hepliaklqana
Kikubaaqudgha
Makhleb
Nemelex Xobeh
Okawaru
Qazlal
Ru
Sif Muna
Trog
Uskayaw
Vehumet
Wu Jian
Xom
Yredelemnul
Zin
The Shining One

Shops:
D:4 :   D:5 [   D:6 =

Annotations:
D:3 3 runed translucent doors, Rallik's ghost, amateur DDHu; Rallik's ghost, amateur HOMo; ZARRMARR's ghost, amateur MfTm; velxir3's ghost, amateur DsFi; velxir3's ghost, amateur MiAK


Message History

Nothing appears to happen.
The wight hits you but does no damage. The wight completely misses you.
Casting: Stone Arrow (mildly dangerous; 3% risk of failure)
Confirm with . or Enter, or press ? or * to list all spells.
Aiming: Stone Arrow (mildly dangerous; 3% risk of failure)
Press: ? - help, Shift-Dir - straight line, f/p - wight
Aim: a wight, wielding a +0 scimitar and wearing a +0 robe (severely damaged, 74% to hit)
You feel a surge of power!
The stone arrow hits the wight.
The wight is almost destroyed.
The wight hits you with a +0 scimitar.
* * * LOW HITPOINT WARNING * * *
The wight hits you but does no damage.
You feel better. The wight hits you with a +0 scimitar.
* * * LOW HITPOINT WARNING * * *
The wight hits you but does no damage.
Casting: Stone Arrow (mildly dangerous; 3% risk of failure)
Confirm with . or Enter, or press ? or * to list all spells.
Aiming: Stone Arrow (mildly dangerous; 3% risk of failure)
Press: ? - help, Shift-Dir - straight line, f/p - wight
Aim: a wight, wielding a +0 scimitar and wearing a +0 robe (almost destroyed, 74% to hit)
You feel a surge of power!
The stone arrow misses the wight.
The wight hits you but does no damage. x2
Casting: Stone Arrow (mildly dangerous; 3% risk of failure)
Confirm with . or Enter, or press ? or * to list all spells.
Aiming: Stone Arrow (mildly dangerous; 3% risk of failure)
Press: ? - help, Shift-Dir - straight line, f/p - wight
Aim: a wight, wielding a +0 scimitar and wearing a +0 robe (almost destroyed, 74% to hit)
You feel a surge of power!
The stone arrow hits the wight!
You destroy the wight!
Vehumet accepts your kill. The wight hits you but does no damage.
Casting: Stone Arrow (mildly dangerous; 3% risk of failure)
Confirm with . or Enter, or press ? or * to list all spells.
Aiming: Stone Arrow (mildly dangerous; 3% risk of failure)
Press: ? - help, Shift-Dir - straight line, f - steam dragon
Aim: a steam dragon (74% to hit)
You feel a surge of power!
The stone arrow misses the steam dragon.
The steam dragon bites you.
You die...

...........#....##...............
...........#....#####..........#.
................#####.).......###
............(...........##...##
.............##.......#.#....#
............#.........###..###
.....................####..#
..##..#........)..........## ..
#...)...##♣).......## .>
#...z...##zD......## #.
#.........##.......## #
..........#).......#### ..
....#........##.......# .#
..(.##.......#.#......# ..
.>....................#
......................###
....)...#....##.......#


You could see a steam dragon and a wight.

Vanquished Creatures
  Pikel (D:7)
  Grinder (D:3)
  Prince Ribbit (D:7)
  A steam dragon (D:6)
  3 yaks
  Menkaure (D:7)
  A water moccasin (D:8)
  2 ice beasts (D:6)
  2 sky beasts
  A necrophage (D:6)
  An ogre (D:4)
  4 lemures (D:6)
  A gnoll sergeant (D:8)
  5 bullfrogs
  2 scorpions
  13 wights
  A bullfrog zombie (D:6)
  2 hounds (D:6)
  An orc priest (D:7)
  A jelly (D:3)
  3 bullfrog skeletons
  Jessica (D:3)
  An iguana (D:5)
  6 orc wizards
  12 gnolls
  10 adders
  6 river rats
  2 white imps (D:6)
  3 worms
  5 dart slugs
  9 orcs
  6 bats
  4 endoplasms
  2 giant cockroaches
  5 goblins
  8 hobgoblins
  9 jackals
  5 quokkas
  6 ball pythons
  A frilled lizard (D:2)
  3 kobolds
  21 rats
173 creatures vanquished.

Vanquished Creatures (others)
  An orc wizard (D:6)
  A quokka (D:6)
  3 rats (D:6)
  A plant (D:5)
6 creatures vanquished.

Grand Total: 179 creatures vanquished

Notes
Turn   | Place    | Note
-------+----------+-------------------------------------------
     0 | D:5      | hawla the Deep Elf Delver began the quest for the Orb.
     0 | D:5      | Reached XP level 1. HP: 13/13 MP: 3/3
    30 | D:5      | Found Tucsen's Antique Armour Boutique.
    44 | D:5      | Reached skill level 1 in Spellcasting
    44 | D:5      | Reached XP level 2. HP: 18/18 MP: 3/5
   131 | D:5      | Reached XP level 3. HP: 11/22 MP: 5/8
   321 | D:4      | Noticed a scorpion
   345 | D:5      | Noticed a gnoll sergeant
   361 | D:3      | Reached XP level 4. HP: 28/28 MP: 9/9
   724 | D:1      | Reached skill level 1 in Evocations
   797 | D:1      | Found a faded altar of an unknown god.
   820 | D:1      | Reached skill level 3 in Short Blades
  2827 | D:2      | Reached XP level 5. HP: 14/32 MP: 11/11
  3729 | D:3      | Noticed Jessica
  3740 | D:3      | Killed Jessica
  3998 | D:3      | Noticed Grinder
  4006 | D:3      | Killed Grinder
  4007 | D:3      | Reached skill level 4 in Short Blades
  4007 | D:3      | Reached XP level 6. HP: 22/38 MP: 15/15
  4367 | D:3      | Found a runed translucent gate.
  4367 | D:3      | Found a runed translucent gate.
  4367 | D:3      | Found a runed translucent gate.
  4368 | D:3      | Noticed Rallik's ghost (amateur DDHu)
  4368 | D:3      | Noticed Rallik's ghost (amateur HOMo)
  4368 | D:3      | Noticed ZARRMARR's ghost (amateur MfTm)
  4368 | D:3      | Noticed velxir3's ghost (amateur MiAK)
  4368 | D:3      | Noticed velxir3's ghost (amateur DsFi)
  4896 | D:4      | Reached skill level 5 in Spellcasting
  4932 | D:4      | Reached XP level 7. HP: 43/43 MP: 16/16
  5260 | D:4      | Found Qethif's Book Emporium.
  6086 | D:5      | Reached skill level 5 in Short Blades
  6360 | D:5      | Bought a runed robe for 114 gold pieces
  6387 | D:6      | Reached skill level 5 in Fighting
  6387 | D:6      | Reached XP level 8. HP: 37/49 MP: 19/19
  6572 | D:6      | Reached skill level 6 in Short Blades
  6745 | D:6      | Found a staircase to the Ecumenical Temple.
  6758 | Temple   | Entered the Ecumenical Temple
  7004 | Temple   | Became a worshipper of Vehumet
  7173 | D:6      | Found Woiv's Jewellery Shop.
  7181 | D:6      | Learned a level 3 spell: Stone Arrow
  7187 | D:6      | Learned a level 5 spell: Bolt of Magma
  7680 | D:6      | Reached skill level 1 in Conjurations
  7982 | D:6      | Reached skill level 1 in Earth Magic
  8002 | D:6      | Reached skill level 1 in Throwing
  8091 | D:6      | Reached XP level 9. HP: 51/54 MP: 20/20
  8169 | D:6      | Reached * piety under Vehumet
  8169 | D:6      | Offered knowledge of Sandblast by Vehumet.
  8170 | D:6      | Reached skill level 7 in Short Blades
  8441 | D:7      | Noticed Pikel
  8876 | D:7      | Killed Pikel
  8933 | D:7      | Reached skill level 5 in Dodging
  9831 | D:7      | Noticed Prince Ribbit
  9838 | D:7      | Killed Prince Ribbit
  9939 | D:7      | Noticed Menkaure
  9943 | D:7      | Killed Menkaure
  9944 | D:7      | Reached skill level 1 in Fire Magic
 10418 | D:7      | Reached XP level 10. HP: 53/60 MP: 22/22
 10455 | D:7      | Reached skill level 5 in Earth Magic
 10466 | D:7      | Reached skill level 8 in Short Blades
 11098 | D:8      | Found an ancient bone altar of Kikubaaqudgha.
 11460 | D:8      | Identified 3 scrolls of acquirement
 11460 | D:8      | Acquired 844 gold pieces
 11462 | D:8      | Acquired a +1 cloak of poison resistance
 11470 | D:8      | Acquired a +4 quick blade
 11484 | D:8      | Reached ** piety under Vehumet
 11484 | D:8      | Offered knowledge of Shock by Vehumet.
 11494 | D:8      | HP: 2/82 [wight (5)]
 11501 | D:8      | Slain by a steam dragon

Illustrated notes

Levels and vault maps discovered:
D:1:      onia_arrival_handbag, layout_rooms, ebering_ecumenical_altar_mist,
          minmay_misc_feat_chi
D:2:      layout_loops_corners
D:3:      layout_basic, gammafunk_ghost_cemetery, uniq_grinder, uniq_jessica
D:4:      layout_rooms, serial_shops, nicolae_shop_trees
D:5:      layout_cave_pools, serial_glass, glass_columns_a, glass_columns_a,
          serial_shops, nicolae_shop_overgrown_old_shop, uniq_eustachio
D:6:      lemuel_ratsnest, layout_rooms, temple_doors_cd, serial_shops, shop,
          minmay_a_box_with_orc_wizards_in_it
D:7:      layout_cave_pools, chequers_serial_rivers_micro_e, uniq_pikel,
          uniq_menkaure, uniq_prince_ribbit1
D:8:      layout_cave_pools, mainiacjoe_overflow_alcove_2, minivault_27,
          corexii_hall_statues_l, uniq_grum
Temple:   nicolae_temple_the_god_donut

Skill      XL: |  1  2  3  4  5  6  7  8  9 10 |
---------------+-------------------------------+-----
Spellcasting   | 1 2 3 4 5 6 7 |  7.1
Fighting       | 3 4 5 6 |  6.3
Evocations     | 1 2 |  2.1
Short Blades   | 3 4 5 6 7 8 |  8.0
Dodging        | 3 5 |  5.0
Stealth        | 7 |  7.0
Conjurations   | 1 4 |  4.7
Earth Magic    | 2 4 5 |  5.5
Throwing       | 1 2 |  2.3
Fire Magic     | 2 3 |  3.2
Armour         | |  0.2

Action                   |  1- 3 |  4- 6 |  7- 9 | 10-12 || total
-------------------------+-------+-------+-------+-------++-------
Melee: Short sword       |     8 |   179 |       |       ||   187
       Dagger            |       |    46 |   383 |    24 ||   453
Throw: Dart              |       |       |    15 |       ||    15
 Cast: Stone Arrow       |       |       |    11 |    35 ||    46
       Bolt of Magma     |       |       |       |     1 ||     1
Evoke: Wand              |     5 |       |     2 |       ||     7
  Use: Scroll            |       |     5 |     7 |     7 ||    19
       Potion            |       |     5 |     3 |     4 ||    12
 Stab: Sleeping          |     3 |    13 |     6 |       ||    22
       Paralysed         |     4 |       |       |       ||     4
       Distracted        |       |       |     3 |       ||     3
Armor: Leather armour    |       |    36 |       |       ||    36
       Robe              |       |       |    26 |       ||    26
       Skin              |       |       |    23 |    19 ||    42
Dodge: Dodged            |     3 |   127 |   228 |    20 ||   378
